 Dungeon Crawl Stone Soup version 0.29-a0-902-g0f71de6fce (webtiles) character file.

Game seed: 9556868011471828097

2430302 magipi the Anamnesiscian (level 26, 208/208 HPs)
             Began as a Minotaur Brigand on July 23, 2022.
             Was an Elder of Hepliaklqana.
             Escaped with the Orb
             ... and 4 runes on July 24, 2022!
             The game lasted 04:21:38 (64273 turns).

magipi the Anamnesiscian (Minotaur Brigand)        Turns: 64273, Time: 04:21:39

Health: 208/208    AC: 44    Str: 30    XL:     26   Next: 28%
Magic:  39/39      EV: 13    Int: 13    God:    Hepliaklqana [****..]
Gold:   2735       SH: 20    Dex: 11    Spells: 20/25 levels left

rFire   + . .      SeeInvis +   a - +4 demon trident "Konuteam" {pain, rC+ Will+ Str+2 Int+3 Dex-5}
rCold   + . .      Faith    .   V - +1 tower shield {AC+3}
rNeg    + + .      Spirit   .   e - +9 storm dragon scales {Bai Suzhen}
rPois   +          Reflect  .   F - +1 hat
rElec   +          Harm     .   p - +2 cloak {rPois}
rCorr   +          Rampage  .   x - +2 pair of gloves of Barnacled the Good {Str+4 Stlth+}
Will    +++..                   D - +1 pair of boots of Minor Irritation {rN++ Will+ Regen+}
Stlth   ..........              r - amulet of the Scavenger {Regen+ Int+2}
HPRegen 2.04/turn               v - ring of the Tortoise {AC+8}
MPRegen 0.26/turn               o - ring "Qaruf" {rF+ rCorr SInv}

@: no status effects
A: reduced essence, horns 2, retaliatory headbutt, hooves 1, deformed body,
mutation resistance 1
0: Orb of Zot
}: 4/15 runes: barnacled, slimy, silver, gossamer
a: Renounce Religion, Recall Ancestor, Ancestor Identity, Transference, Idealise


You escaped.
You worshipped Hepliaklqana.
Hepliaklqana was greatly pleased with you.
You visited 11 branches of the dungeon, and saw 53 of its levels.

You collected 8248 gold pieces.
You spent 5513 gold pieces at shops.

Inventory:

Hand Weapons
 a - the +4 demon trident "Konuteam" (weapon) {pain, rC+ Will+ Str+2 Int+3 Dex-5}
   (You acquired it on level 1 of the Lair of Beasts)

   In the hands of one skilled in necromantic magic, it inflicts extra damage on
   living creatures.
   Str:       It affects your strength (+2).
   Int:       It affects your intelligence (+3).
   Dex:       It affects your dexterity (-5).
   rC:        It protects you from cold.
   Will:      It increases your willpower.
 b - a +5 demon trident of protection
   (You took it off a hell knight on level 4 of the Depths)
Missiles
 j - 11 curare-tipped darts (quivered)
 l - 58 boomerangs
 m - 6 throwing nets
 B - 10 silver boomerangs
 H - 15 javelins
 P - 13 silver javelins
Armour
 e - +9 storm dragon scales (worn) {Bai Suzhen}
   (You found it on level 4 of the Vaults)
 p - a +2 cloak of poison resistance (worn)
   (You took it off a draconian stormcaller on level 5 of the Realm of Zot)
 x - the +2 pair of gloves of Barnacled the Good (worn) {Str+4 Stlth+}
   (You found it on level 3 of the Vaults)

   Str:       It affects your strength (+4).
   Stlth:     It makes you more stealthy.
 D - the +1 pair of boots of Minor Irritation (worn) {rN++ Will+ Regen+}
   (You bought it in a shop on level 2 of the Orcish Mines)

   rN:        It greatly protects you from negative energy.
   Regen:     It increases your rate of health regeneration.
   Will:      It increases your willpower.
 F - a +1 hat (worn)
   (You bought it in a shop on level 2 of the Orcish Mines)
 V - a +1 tower shield of protection (worn)
   (You found it on level 4 of the Lair of Beasts)
Jewellery
 f - a ring of protection from fire
   (You found it on level 5 of the Pits of Slime)
 o - the ring "Qaruf" (right hand) {rF+ rCorr SInv}
   (You took it off a vault sentinel on level 5 of the Vaults)

   [ring of protection from fire]

   rF:        It protects you from fire.
   SInv:      It lets you see invisible.
   rCorr:     It protects you from acid and corrosion.
 r - the amulet of the Scavenger (around neck) {Regen+ Int+2}
   (You found it on level 2 of the Realm of Zot)

   [amulet of regeneration]

   Int:       It affects your intelligence (+2).
   Regen:     It increases your rate of health regeneration.
 v - the ring of the Tortoise (left hand) {AC+8}
   (You took it off a deep elf sorcerer on level 3 of the Elven Halls)

   [ring of protection]

   AC:        It affects your AC (+8).
Wands
 h - a wand of mindburst (40)
   (You found it on level 5 of the Dungeon)
 s - a wand of charming (33)
   (You found it on level 4 of the Dungeon)
 u - a wand of polymorph (60)
   (You found it on level 6 of the Dungeon)
 y - a wand of light (3)
   (You found it on level 2 of the Realm of Zot)
 L - a wand of iceblast (44)
   (You found it on level 8 of the Dungeon)
Scrolls
 c - 21 scrolls of teleportation
 d - a scroll of enchant weapon
 k - 9 scrolls of noise
 n - 16 scrolls of fog
 G - 6 scrolls of vulnerability
 J - 3 scrolls of summoning
 O - 3 scrolls of silence
 U - 5 scrolls of fear
 W - 3 scrolls of blinking
 X - 3 scrolls of immolation
 Y - 7 scrolls of magic mapping
Potions
 i - 3 potions of flight
 q - a potion of berserk rage
 t - 3 potions of magic
 z - 6 potions of mutation
 A - 3 potions of cancellation
 C - 5 potions of might
 E - 5 potions of resistance
 I - 15 potions of curing
 K - 14 potions of ambrosia
 M - 6 potions of heal wounds
 R - a potion of invisibility
 S - a potion of haste
Miscellaneous
 g - a tin of tremorstones (2/2)
   (You found it on level 5 of the Pits of Slime)
 w - a phial of floods
   (You found it on level 3 of the Elven Halls)
 Q - a condenser vane
   (You found it on level 3 of the Elven Halls)
 T - a box of beasts
   (You found it on level 4 of the Shoals)
 Z - a lightning rod (4/4)
   (You found it on level 12 of the Dungeon)


   Skills:
 - Level 18.0 Fighting
 - Level 2.1 Short Blades
 - Level 14.0 Polearms
 - Level 17.0 Throwing
 + Level 18.4 Armour
 + Level 16.4 Dodging
 - Level 3.2 Stealth
 - Level 18.0 Shields
 - Level 10.0 Necromancy
 + Level 26.6 Invocations
 - Level 20.0 Evocations


You had 20 spell levels left.
You knew the following spells:

 Your Spells              Type           Power      Damage    Failure   Level
a - Borgnjor's Vile Clut  Necr/Erth      6%         N/A       100%        5

Your spell library contained the following spells:

 Spells                   Type           Power      Damage    Failure   Level
 Necrotise                Necr           100%       1d9       3%          1
 Sublimation of Blood     Necr           26%        N/A       6%          2
 Animate Dead             Necr           26%        N/A       36%         4
 Foxfire                  Conj/Fire      0%         2x1d4     93%         1
 Magic Dart               Conj           0%         1d3       93%         1
 Sandblast                Erth           0%         2d4       93%         1
 Sting                    Tmut/Pois      0%         1d3       93%         1
 Summon Small Mammal      Summ           0%         N/A       93%         1
 Anguish                  Hex/Necr       6%         N/A       96%         4
 Blink                    Tloc           0%         N/A       98%         2
 Call Imp                 Summ           0%         N/A       98%         2
 Ensorcelled Hibernation  Hex/Ice        0%         N/A       98%         2
 Passwall                 Tmut/Erth      0%         N/A       98%         2
 Poisonous Vapours        Pois/Air       0%         N/A       98%         2
 Scorch                   Fire           0%         2d5       98%         2
 Searing Ray              Conj           0%         2d4       98%         2
 Static Discharge         Conj/Air       0%         3-3/arc   98%         2
 Call Canine Familiar     Summ           0%         N/A       100%        3
 Conjure Flame            Conj/Fire      0%         6-21      100%        3
 Gell's Gravitas          Tloc           0%         N/A       100%        3
 Ignite Poison            Fire/Tmut/Pois 0%         N/A       100%        3
 Inner Flame              Hex/Fire       0%         N/A       100%        3
 Lesser Beckoning         Tloc           0%         N/A       100%        3
 Mephitic Cloud           Conj/Pois/Air  0%         N/A       100%        3
 Ozocubu's Armour         Ice            0%         N/A       100%        3
 Summon Guardian Golem    Hex/Summ       0%         N/A       100%        3
 Swiftness                Air            0%         N/A       100%        3
 Teleport Other           Tloc           0%         N/A       100%        3
 Tukima's Dance           Hex            0%         N/A       100%        3
 Animate Armour           Summ/Erth      0%         N/A       100%        4
 Cause Fear               Hex            0%         N/A       100%        4
 Flame Wave               Conj/Fire      0%         2d4       100%        4
 Fulminant Prism          Conj/Hex       0%         3d6       100%        4
 Hailstorm                Conj/Ice       0%         3d3       100%        4
 Ice Form                 Ice/Tmut       0%         N/A       100%        4
 Iskenderun's Mystic Bla  Conj/Tloc      0%         2d3       100%        4
 Leda's Liquefaction      Hex/Erth       0%         N/A       100%        4
 Olgreb's Toxic Radiance  Pois           0%         N/A       100%        4
 Passage of Golubria      Tloc           0%         N/A       100%        4
 Petrify                  Tmut/Erth      0%         N/A       100%        4
 Summon Ice Beast         Ice/Summ       0%         N/A       100%        4
 Summon Lightning Spire   Summ/Air       0%         N/A       100%        4
 Alistair's Intoxication  Tmut/Pois      0%         N/A       100%        5
 Blade Hands              Tmut           0%         N/A       100%        5
 Fireball                 Conj/Fire      0%         3d3       100%        5
 Freezing Cloud           Conj/Ice/Air   0%         6-21      100%        5
 Irradiate                Conj/Tmut      0%         3d11      100%        5
 Iskenderun's Battlesphe  Conj           0%         2d6       100%        5
 Lee's Rapid Deconstruct  Erth           0%         3d5*      100%        5
 Lightning Bolt           Conj/Air       0%         1d11      100%        5
 Manifold Assault         Tloc           0%         N/A       100%        5
 Summon Forest            Summ/Tloc      0%         N/A       100%        5
 Summon Mana Viper        Hex/Summ       0%         N/A       100%        5
 Yara's Violent Unravell  Hex/Tmut       0%         3d3       100%        5
 Conjure Ball Lightning   Conj/Air       0%         3x3d6     100%        6
 Dispersal                Tloc           0%         N/A       100%        6
 Eringya's Noxious Bog    Tmut/Pois      0%         N/A       100%        6
 Iron Shot                Conj/Erth      0%         9d1       100%        6
 Simulacrum               Ice/Necr       6%         N/A       100%        6
 Starburst                Conj/Fire      0%         6d3       100%        6
 Summon Cactus Giant      Summ           0%         N/A       100%        6
 Dragon Form              Tmut           0%         N/A       100%        7
 Enfeeble                 Hex            0%         N/A       100%        7
 Haunt                    Necr/Summ      6%         N/A       100%        7
 Monstrous Menagerie      Summ           0%         N/A       100%        7
 Orb of Destruction       Conj           0%         9d5       100%        7
 Ozocubu's Refrigeration  Ice            0%         4d5       100%        7
 Storm Form               Tmut/Air       0%         N/A       100%        7
 Summon Hydra             Summ           0%         N/A       100%        7
 Discord                  Hex            0%         N/A       100%        8
 Disjunction              Tloc           0%         N/A       100%        8
 Ignition                 Fire           0%         3d3       100%        8
 Infestation              Necr           13%        N/A       100%        8
 Maxwell's Capacitive Co  Air            0%         ∞         100%        8
 Chain Lightning          Conj/Air       0%         N/A       100%        9
 Death's Door             Necr           13%        N/A       100%        9
 Dragon's Call            Summ           0%         N/A       100%        9
 Fire Storm               Conj/Fire      0%         5d1       100%        9
 Shatter                  Erth           0%         3d5*      100%        9


Dungeon Overview and Level Annotations

Branches:
Dungeon (15/15)            Temple (1/1) D:5            Lair (5/5) D:9
 Shoals (4/4) Lair:2       Spider (4/4) Lair:2        Slime (5/5) Lair:4
    Orc (2/2) D:11            Elf (3/3) Orc:2        Vaults (5/5) D:13
  Crypt (0/3) Vaults:3     Depths (4/4) D:15            Zot (5/5) Depths:4

Altars:
Ashenzari
Cheibriados
Dithmenos
Elyvilon
Fedhas
Gozag
Hepliaklqana
Kikubaaqudgha
Makhleb
Nemelex Xobeh
Okawaru
Qazlal
Ru
Sif Muna
Trog
Uskayaw
Vehumet
Wu Jian
Xom
Yredelemnul
Zin
The Shining One
Jiyva
Lugonu

Shops:
D:7 :[:(   D:8 [   D:9 *   Orc:1 *[*[   Orc:2 =*[[   Elf:2 !*   Elf:3 ?
Shoals:4 :   Vaults:2 *   Vaults:5 ?(

Portals:
Hell: Depths:1 Depths:2 Depths:3 Depths:4
Abyss: Lair:5 Depths:3
Pandemonium: Depths:1 Depths:2 Depths:3
Ziggurat: Depths:2

Annotations:
Shoals:1 Roxanne
Orc:1 2 transporters, Shym's ghost, journeyman GrEE
Elf:2 3 runed translucent doors
Vaults:4 2 transporters, Ywkaiffarghe's ghost, adept MeCj


Innate Abilities, Weirdness & Mutations

Your life essence is reduced to manifest your ancestor. (-10% HP)
You have a pair of horns on your head.
You reflexively headbutt those who attack you in melee.
You have large cloven feet.
Armour fits poorly on your strangely shaped body.
You are somewhat resistant to further mutation.


Message History

You block the Orb Guardian's attack.
The Orb Guardian attacks as you move away!
The Orb Guardian closely misses you. You furiously retaliate!
You headbutt the Orb Guardian. The sun demon attacks as you move away!
The sun demon hits you!!
You are engulfed in flames!
You resist.
Bohike emerges from the mists of memory!
The sun demon hits Bohike!
Bohike is engulfed in flames!
Bohike resists.
The sun demon barely misses Bohike.
The sun demon hits Bohike!!
Bohike is engulfed in flames.
Bohike resists.
Bohike casts a spell.
Bohike seems to speed up.
Bohike hits the sun demon with a +0 antimagic quick blade!
The sun demon hits Bohike!
Bohike is engulfed in flames.
Bohike resists.
Bohike casts a spell.
The sun demon appears confused.
The Orb Guardian resists with almost no effort.
The sun demon hits Bohike!!
Bohike is engulfed in flames!
Bohike resists.
Bohike hits the sun demon with a +0 antimagic quick blade!
Bohike hits the sun demon but does no damage.
Bohike hits the sun demon with a +0 antimagic quick blade.
The sun demon hits Bohike!
Bohike is engulfed in flames!
Bohike resists.
Bohike is destroyed!
The sun demon shouts!
The sun demon hits something but does no damage.
There is an open door here.
There is a stone staircase leading up here.
Unknown command.
You climb upwards.
There is a stone staircase leading down here.
There is a stone staircase leading up here.
You start resting.
HP restored.
You start waiting.
Bohike emerges from the mists of memory!
(D) Dungeon (T) Temple (L) Lair (A) Shoals (N) Spider Nest (M) Slime Pits (O) Orcish Mines (E) Elven Halls (V) Vaults (C) Crypt (U) Depths (H) Hell (Z) Zot
Where to? (Enter - D:1 @ (x,y), ? - help)
What level of the Dungeon? (default 1, ? - help)
You climb upwards.
There is a stone staircase leading down here.
There is a stone staircase leading up here.
You climb upwards.
There is a stone staircase leading down here.
There is a stone staircase leading up here.
You climb upwards.
There is a stone staircase leading down here.
There is a stone staircase leading up, spattered with blood here.
You climb upwards.
There is a stone staircase leading down here.
An Orb Guardian comes into view.
There is a stone staircase leading up here.
Bohike gestures wildly while chanting.
Bohike seems to speed up.
You climb upwards.
There is a stone staircase leading down here.
Bohike is recalled.
(D) Dungeon (T) Temple (L) Lair (A) Shoals (N) Spider Nest (M) Slime Pits (O) Orcish Mines (E) Elven Halls (V) Vaults (C) Crypt (U) Depths (H) Hell (Z) Zot
Where to? (Enter - D:1 @ (x,y), ? - help)
What level of the Dungeon? (default 1, ? - help) Magic restored.
There is a stone staircase leading up here.
You climb upwards.
There is a stone staircase leading down here.
A glowing orange brain comes into view.
You puncture the glowing orange brain!
The glowing orange brain writhes in agony!
You headbutt the glowing orange brain!!
The glowing orange brain is almost dead.
You hit the glowing orange brain. You headbutt the glowing orange brain.
You kill the glowing orange brain!
(D) Dungeon (T) Temple (L) Lair (A) Shoals (N) Spider Nest (M) Slime Pits (O) Orcish Mines (E) Elven Halls (V) Vaults (C) Crypt (U) Depths (H) Hell (Z) Zot
Where to? (Enter - D:1 @ (x,y), ? - help)
You open the door.
There is an open door here.
There is an open door here.
You open the door.
A neqoxec comes into view.
The neqoxec shouts!
The neqoxec moves out of view.
There is an open door here.
There is a staircase leading out of the dungeon here.
Bohike hits the neqoxec with a +0 antimagic quick blade.
The neqoxec's magic leaks into the air.
Bohike mumbles some strange words.
The neqoxec appears confused.
You have escaped!

######.......######........#.....
## #.......# #...........#[....
.# #.......# #.################
.# ###########'########### # .#
#........'8.8'........# # ##
#........#...#........# #
#...⌠....##'##....⌠...# #
##........R..........## #
#######...3@....############
#.....##.......##...........
#.....##############.#######
######.....##############.....#..
.....+.....'..................#..
######.....#############..#####..
######################....#....
#.........................#....
#.###################........#.


You could see the friendly Bohike the hexer and a neqoxec (confused, ally
target, magic disrupted).

Vanquished Creatures
  the Royal Jelly (Slime:5)
  A dread lich (Zot:5)
  Mara (Depths:1)
  An orb of fire (Zot:3)
  A juggernaut (Depths:2)
  Vv (Zot:1)
  3 Killer Klowns
  Xtahua (Vaults:4)
  A curse toe (Zot:3)
  5 golden dragons
  A bone dragon (Zot:4)
  2 electric golems
  Arachne (Spider:2)
  2 Ice Fiends (Zot:4)
  Rupert (Orc:2)
  10 tentacled monstrosities
  A lich (Depths:2)
  Grunn (Zot:4)
  A walking divine tome (Depths:2)
  A Hell Sentinel (Zot:4)
  Asterion (Spider:2)
  20 Orb Guardians (Zot:5)
  4 titans
  4 deep elf blademasters
  7 death cobs
  4 quicksilver dragons
  Polyphemus (Shoals:3)
  16 acid blobs
  3 deep elf master archers (Elf:3)
  13 shadow dragons
  Ilsuiw (Shoals:1)
  A revenant (Depths:3)
  4 sphinxes
  4 tengu reavers
  The ghost of Gruesome the Tainter, an adept DrEE of Jiyva (Elf:1)
  10 storm dragons
  Donald (Shoals:4)
  3 draconian monks
  7 rockslimes
  6 fire giants
  7 azure jellies
  An orc warlord (D:11)
  7 deep elf sorcerers
  Louise (Shoals:3)
  4 emperor scorpions
  A balrug (Depths:3)
  11 ghost moths
  3 draconian stormcallers
  17 vault wardens
  2 draconian scorchers
  2 iron dragons
  5 draconian shifters
  11 frost giants
  A reaper (Zot:4)
  3 deep elf elementalists (Elf:3)
  2 caustic shrike zombies (Depths:3)
  11 ironbound preservers
  3 war gargoyles
  5 quicksilver oozes
  11 stone giants
  A caustic shrike skeleton (Depths:3)
  24 very ugly things
  3 draconian annihilators
  A putrid mouth (Zot:4)
  2 ironbound thunderhulks
  6 vampire knights
  A juggernaut skeleton (Depths:3)
  3 deep elf demonologists
  A dire elephant (shapeshifter) (Depths:3)
  8 green draconians
  8 entropy weavers
  9 black draconians
  5 spark wasps
  8 yellow draconians
  Nessos (Lair:3)
  10 red draconians
  5 deep elf annihilators (Elf:3)
  A blizzard demon (Depths:2)
  5 dire elephants (Vaults:2)
  11 purple draconians
  7 white draconians
  12 ettins
  2 deep elf death magi
  5 merfolk javelineers
  6 jiangshi (Depths:3)
  3 fire dragons
  A deep elf high priest (Depths:4)
  8 yaktaur captains
  Josephine (D:12)
  A spriggan zombie (Depths:3)
  2 merfolk impalers (Shoals:4)
  Fannar (D:12)
  2 rakshasas
  5 great orbs of eyes
  5 ice dragons
  23 vault guards
  Erolcha (D:13)
  A quicksilver dragon skeleton (Depths:3)
  3 boulder beetles
  3 death knights
  4 merfolk avatars
  5 hydras
  5 ironbound frosthearts
  5 radroaches
  10 centaur warriors
  2 merfolk aquamancers
  4 spriggan air magi
  18 dancing weapons
  2 two-headed ogres
  Erica (Orc:1)
  6 tengu warriors
  2 death yaks
  2 alligator snapping turtles (Shoals:4)
  8 deep troll shamans
  6 spriggan berserkers
  5 deep troll earth magi
  2 vampire magi
  9 deep elf knights
  2 thrashing horrors (Lair:5)
  14 hell knights
  A sun demon (Depths:3)
  Nergalle (Lair:3)
  A titan skeleton (Depths:3)
  8 pharaoh ants
  A shadow wraith (Vaults:3)
  2 skeletal warriors
  A soul eater (Depths:3)
  7 sea snakes
  6 iron trolls
  47 deep trolls
  2 sixfirhies
  2 sun moths
  12 orb spiders
  A flayed ghost (Depths:3)
  2 steelbarb worms
  A sea snake (shapeshifter) (Vaults:5)
  A glowing orange brain (D:1)
  A golden dragon skeleton (Depths:3)
  A kraken simulacrum (Shoals:3)
  7 deep elf archers
  7 wizards
  2 phantasmal warriors
  14 ironbound convokers
  The ghost of asdu the Changer, a novice MeTm of Cheibriados (D:7)
  6 lindwurms
  25 deep elf pyromancers
  19 deep elf zephyrmancers
  4 necromancers
  5 orc knights
  A tengu skeleton (Depths:3)
  2 fauns (Shoals:3)
  30 harpies
  A tengu zombie (Depths:3)
  18 wolf spiders
  38 ugly things
  A shining eye (Slime:2)
  8 orc sorcerers (Orc:2)
  29 moths of wrath
  6 cyclopes
  19 manticores
  2 fire giant zombies (Depths:3)
  2 iron dragon skeletons (Depths:3)
  A frost giant zombie (Depths:3)
  A rust devil (Depths:2)
  4 black mambas
  8 water nymphs
  6 merfolk sirens
  Maurice (D:10)
  3 eyes of devastation
  A guardian serpent (shapeshifter) (Elf:1)
  A torpor snail (Lair:4)
  A gargoyle (D:12)
  An orange demon (Depths:3)
  14 vault sentinels
  10 cane toads
  32 yaktaurs
  A smoke demon (Lair:5)
  2 unseen horrors
  3 demonic crawlers
  An eye of devastation (shapeshifter) (Vaults:5)
  Maggie (D:6)
  6 freezing wraiths
  3 komodo dragons
  5 rime drakes
  A komodo dragon (shapeshifter) (Elf:3)
  2 hellwings
  2 ancient zymes (Lair:5)
  An ice devil (Depths:2)
  2 tengu conjurers (D:15)
  2 meliai (Spider:3)
  A meliai (shapeshifter) (D:14)
  A merfolk (shapeshifter) (Vaults:5)
  15 merfolk
  4 harpy zombies (Shoals:1)
  A polar bear (Lair:4)
  30 tarantellas
  8 trolls
  2 wind drakes
  A raiju (shapeshifter) (Elf:2)
  42 slime creatures
  9 hornets
  19 blink frogs
  2 large abominations (Lair:5)
  8 small abominations (Lair:5)
  A dream sheep (shapeshifter) (Vaults:5)
  2 dream sheep (Shoals:4)
  40 jumping spiders
  11 snapping turtles
  A frost giant simulacrum (Depths:3)
  A culicivora (shapeshifter) (Elf:2)
  2 centaur simulacra
  Sigmund (D:6)
  5 air elementals
  3 flying skulls (Depths:3)
  A ynoxinul (Lair:5)
  24 culicivoras
  5 spriggans
  2 wyverns
  6 basilisks
  4 wraiths
  A shadow (D:12)
  10 humans (D:13)
  2 vampires
  11 water elementals
  30 yaks
  3 fire elementals (Elf:1)
  7 golden eyes
  3 chaos spawn
  An alligator snapping turtle simulacrum (Shoals:3)
  56 redbacks
  3 vampire mosquitoes
  A sea snake simulacrum (Shoals:3)
  3 death yak simulacra (Shoals:3)
  3 harpy simulacra (Shoals:3)
  7 wargs (Orc:2)
  2 acid dragons (D:13)
  A human zombie (Depths:3)
  17 water moccasins
  A glowing shapeshifter skeleton (Depths:3)
  2 floating eyes (Depths:1)
  12 hexers
  25 orc warriors
  4 ice beasts
  8 ogres
  2 black bears
  3 boggarts (D:15)
  A floating eye zombie (Depths:3)
  11 centaurs
  A phantom (D:7)
  6 kobold brigands
  5 bullfrogs
  2 gnoll sergeants
  6 earth elementals (Elf:1)
  2 scorpions
  A necrophage (D:8)
  3 merfolk simulacra (Shoals:3)
  3 faun simulacra (Shoals:3)
  3 wights (D:8)
  2 snapping turtle simulacra (Shoals:3)
  2 manticore simulacra (Shoals:3)
  A human simulacrum (Vaults:4)
  9 killer bees
  A howler monkey (D:8)
  4 electric eels
  A wyvern simulacrum (D:7)
  14 orc priests
  2 hounds (D:4)
  3 jellies
  3 cyclops simulacra (Shoals:3)
  30 orc wizards
  6 iguanas
  4 hell rats (Lair:5)
  Robin (D:2)
  6 gnolls
  10 adders
  2 white imps
  A howler monkey simulacrum (D:7)
  3 ufetubi (D:5)
  3 worms
  4 dart slugs
  67 orcs
  5 endoplasms
  6 giant cockroaches
  16 goblins
  7 hobgoblins
  6 jackals
  17 kobolds
  7 quokkas
  11 ball pythons
  6 bats
  3 frilled lizards
  5 rats
  A plant (Shoals:4)
  A tentacle (Shoals:3)
1818 creatures vanquished.

Vanquished Creatures (collateral kills)
  3 dread liches (Zot:5)
  6 orbs of fire
  Boris (Depths:3)
  A Killer Klown (Zot:5)
  Bai Suzhen (Vaults:4)
  3 golden dragons
  A bone dragon (Depths:4)
  2 electric golems
  2 tentacled monstrosities
  Mlioglotl (Shoals:4)
  A walking earthen tome (Depths:3)
  2 deep elf master archers (Elf:3)
  6 Orb Guardians
  2 deep elf blademasters (Elf:3)
  A titan (Depths:1)
  A kraken (Shoals:3)
  3 acid blobs
  4 shadow dragons
  A storm dragon (Vaults:5)
  5 tengu reavers
  2 azure jellies (Slime:5)
  2 rockslimes
  A draconian knight (Zot:3)
  A frost giant (Depths:4)
  A ghost moth (Zot:3)
  4 deep elf sorcerers
  An orc warlord (Vaults:1)
  2 draconian stormcallers
  A draconian shifter (Zot:3)
  3 vault wardens
  A draconian annihilator (Zot:2)
  A spriggan defender (D:15)
  6 quicksilver oozes
  6 ironbound preservers
  5 very ugly things
  An ironbound thunderhulk (Vaults:2)
  2 stone giants
  A deep elf demonologist (Vaults:5)
  A vampire knight (Depths:2)
  A black draconian (Depths:4)
  An entropy weaver (Spider:4)
  3 green draconians
  A purple draconian (Zot:1)
  3 dire elephants (Vaults:2)
  6 red draconians
  A spark wasp (Spider:4)
  A yellow draconian (Zot:3)
  4 ettins
  3 deep elf death magi
  A merfolk javelineer (Shoals:3)
  A jiangshi (Depths:3)
  3 great orbs of eyes
  4 merfolk impalers
  7 yaktaur captains
  A rakshasa (Depths:3)
  2 deep elf high priests
  5 boulder beetles
  2 ice dragons (Depths:4)
  12 vault guards
  A spriggan skeleton (Depths:3)
  2 hydras
  A catoblepas (Shoals:3)
  4 centaur warriors
  2 ironbound frosthearts
  5 merfolk avatars
  2 radroaches (Spider:1)
  A jorogumo (Lair:2)
  A merfolk aquamancer (Shoals:1)
  2 dancing weapons (Elf:2)
  3 deep troll earth magi
  Urug (Lair:4)
  A hell hog (Zot:4)
  A spriggan berserker (Depths:3)
  A tengu warrior (Depths:2)
  A hell knight (Depths:4)
  2 soul eaters (Depths:2)
  5 deep elf knights
  A vampire mage (D:15)
  2 sun demons
  3 iron trolls
  A shadow wraith (Vaults:5)
  A sun moth (Spider:2)
  2 sea snakes (Shoals:1)
  5 orb spiders
  2 skeletal warriors (D:14)
  10 deep trolls
  A wizard (Vaults:2)
  7 ironbound convokers
  3 phantasmal warriors (Vaults:5)
  A lindwurm (Vaults:1)
  6 deep elf zephyrmancers
  A necromancer (Depths:3)
  An orc knight (Vaults:1)
  A shadow dragon skeleton (Depths:3)
  6 harpies
  An orc sorcerer (Orc:2)
  4 wolf spiders
  2 fauns (Shoals:3)
  2 cyclopes
  9 deep elf pyromancers
  4 ugly things
  2 mana vipers (shapeshifter)
  2 manticores
  6 moths of wrath
  A shining eye (Elf:1)
  A merfolk siren (Shoals:4)
  6 vault sentinels
  3 water nymphs
  2 cane toads (Lair:2)
  A smoke demon (Lair:5)
  A gargoyle (D:11)
  An unseen horror (D:11)
  A torpor snail (Spider:1)
  7 yaktaurs
  2 kobold demonologists (D:14)
  3 komodo dragons
  3 rime drakes (Lair:5)
  A tengu conjurer (Depths:2)
  2 merfolk
  A harpy zombie (Shoals:1)
  A wind drake (Shoals:3)
  A polar bear (Lair:2)
  A meliai (Spider:3)
  2 trolls
  A hornet (D:9)
  14 slime creatures
  5 tarantellas
  6 blink frogs
  A fire giant simulacrum (Depths:3)
  2 snapping turtles (Shoals:1)
  5 culicivoras
  A flying skull (Depths:3)
  4 jumping spiders (Spider:2)
  A spriggan (Lair:5)
  A shadow (D:9)
  A small abomination (Lair:5)
  4 water elementals
  A wyvern (D:9)
  A ynoxinul (Lair:5)
  3 air elementals (Elf:2)
  A steam dragon (D:9)
  18 yaks
  A fire elemental (Elf:2)
  2 golden eyes
  A basilisk (Lair:4)
  20 redbacks
  A chaos spawn (Lair:5)
  A vampire mosquito (D:11)
  Menkaure (D:6)
  2 wargs
  2 acid dragons
  2 water moccasins (Lair:5)
  A manticore zombie (Shoals:1)
  3 ice beasts
  2 sky beasts
  3 orc warriors
  2 ogres
  3 centaurs
  3 kobold brigands
  A bullfrog (D:7)
  A gnoll sergeant (D:11)
  2 wights (D:8)
  4 killer bees
  2 howler monkeys
  A wyvern simulacrum (D:7)
  7 orc priests
  6 orc wizards (Orc:2)
  A hell rat (Lair:5)
  3 gnolls
  24 orcs
486 creatures vanquished.

Vanquished Creatures (others)
  A death cob (Zot:3)
  2 deep elf knights (Elf:2)
  A sun moth (Spider:3)
  A deep elf archer (Elf:1)
  An ugly thing (Vaults:4)
  A vault sentinel (Vaults:2)
  A slime creature (Slime:5)
  An air elemental (Elf:1)
  A water elemental (Elf:1)
  A redback (Spider:1)
  92 hexers
  4 ancestors
  10 fungi
  88 plants
  5 tentacles (Shoals:3)
  4 toadstools (D:5)
214 creatures vanquished.

Grand Total: 2518 creatures vanquished

Notes
Turn   | Place    | Note
-------+----------+-------------------------------------------
     0 | D:1      | magipi the Minotaur Brigand began the quest for the Orb.
     0 | D:1      | Reached XP level 1. HP: 18/18 MP: 0/0
   225 | D:1      | Reached XP level 2. HP: 22/25 MP: 1/1
   248 | D:1      | Reached skill level 1 in Armour
   739 | D:1      | Reached XP level 3. HP: 28/31 MP: 2/2
  1150 | D:2      | Noticed Robin
  1161 | D:2      | Reached XP level 4. HP: 35/38 MP: 3/3
  1163 | D:2      | Killed Robin
  1835 | D:2      | Got the Vademecum on the Whammy
  2116 | D:3      | Reached XP level 5. HP: 43/46 MP: 4/4
  2889 | D:4      | Noticed a black bear
  2901 | D:4      | Killed a black bear
  2902 | D:4      | Reached skill level 1 in Polearms
  2902 | D:4      | Reached XP level 6. HP: 50/53 MP: 5/5
  3939 | D:5      | Entered Level 5 of the Dungeon
  4004 | D:5      | Reached XP level 7. HP: 58/60 MP: 6/6
  4110 | D:5      | Found a staircase to the Ecumenical Temple.
  4132 | Temple   | Entered the Ecumenical Temple
  4132 | Temple   | Found a transporter.
  4132 | Temple   | Found a transporter.
  4134 | Temple   | Found a transporter.
  4134 | Temple   | Found a transporter.
  4183 | Temple   | Became a worshipper of Hepliaklqana the Forgotten
  4211 | D:5      | Reached skill level 1 in Evocations
  4394 | D:5      | Reached skill level 5 in Fighting
  5129 | D:6      | Reached XP level 8. HP: 49/68 MP: 7/7
  5360 | D:6      | Reached skill level 1 in Shields
  5564 | D:6      | Noticed Sigmund
  5588 | D:6      | Killed Sigmund
  5589 | D:6      | Reached skill level 5 in Polearms
  5726 | D:6      | Reached * piety under Hepliaklqana
  5736 | D:6      | Noticed Maggie
  5748 | D:6      | Killed Maggie
  5749 | D:6      | Reached skill level 5 in Armour
  5856 | D:6      | Reached skill level 5 in Dodging
  5897 | D:6      | Noticed Menkaure
  5913 | D:6      | Killed Menkaure
  6265 | D:7      | Reached XP level 9. HP: 53/67 MP: 8/8
  6595 | D:7      | Reached skill level 5 in Throwing
  6660 | D:7      | Found Hoant's Book Shop.
  6677 | D:7      | Found Gutihyan's Antique Weapon Shoppe.
  7075 | D:7      | Found Doseuz's Book Shoppe.
  7490 | D:7      | Found a bloodstained altar of Trog.
  7605 | D:7      | Found a runed translucent gate.
  7605 | D:7      | Found a runed translucent gate.
  7605 | D:7      | Found a runed translucent gate.
  7643 | D:7      | Found Fusuisof's Armour Shop.
  7650 | D:7      | Bought a +0 cloak of poison resistance for 110 gold pieces
  7660 | D:7      | Bought a +0 pair of boots of rampaging for 149 gold pieces
  7767 | D:7      | Noticed asdu's ghost (novice MeTm)
  8203 | D:8      | Found Cyven's Antique Armour Shoppe.
  8214 | D:8      | Found a radiant altar of Vehumet.
  8271 | D:8      | Found a shimmering altar of Xom.
  8317 | D:8      | Reached XP level 10. HP: 54/77 MP: 9/9
  8465 | D:8      | Reached ** piety under Hepliaklqana
  8466 | D:8      | Remembered your ancestor Bohike as a hexer
  8485 | D:8      | Found an ancient bone altar of Kikubaaqudgha.
  8912 | D:8      | Reached skill level 5 in Shields
  9236 | D:9      | Found a staircase to the Lair.
  9239 | D:9      | Found Husopt's Demolitions Depot.
  9279 | D:9      | Bought a wand of light (1) for 50 gold pieces
  9279 | D:9      | Bought a wand of iceblast (6) for 172 gold pieces
 10395 | D:10     | Entered Level 10 of the Dungeon
 10422 | D:10     | Found a blossoming altar of Fedhas.
 10468 | D:10     | Found a stormy altar of Qazlal.
 10484 | D:10     | Reached XP level 11. HP: 83/84 MP: 10/10
 10494 | D:10     | Reached skill level 10 in Polearms
 10554 | D:10     | Noticed Maurice
 10573 | D:10     | Killed Maurice
 10574 | D:10     | Reached skill level 5 in Evocations
 10900 | D:10     | Noticed a boulder beetle
 10912 | D:10     | Killed a boulder beetle
 11375 | D:11     | Reached *** piety under Hepliaklqana
 11723 | D:11     | Noticed a boulder beetle
 11737 | D:11     | Killed a boulder beetle
 11793 | D:11     | Found a staircase to the Orcish Mines.
 12588 | D:11     | Found a hazy altar of Hepliaklqana.
 13011 | Lair:1   | Entered Level 1 of the Lair of Beasts
 13022 | Lair:1   | Identified a scroll of acquirement
 13022 | Lair:1   | Acquired the +4 demon trident "Konuteam" {pain, rC+ Will+
                  | Str+2 Int+3 Dex-5}
 13043 | Lair:1   | Learned a level 5 spell: Borgnjor's Vile Clutch
 13125 | Lair:1   | Reached **** piety under Hepliaklqana
 13216 | Lair:1   | Reached XP level 12. HP: 93/93 MP: 11/11
 13220 | Lair:1   | Reached skill level 1 in Necromancy
 13224 | Lair:1   | Found a hide-covered altar of Uskayaw.
 13224 | Lair:1   | Found an ornate altar of the Wu Jian Council.
 13226 | Lair:1   | Noticed a boulder beetle
 13244 | Lair:1   | Killed a boulder beetle
 13473 | Lair:1   | Noticed a five-headed hydra
 13478 | Lair:1   | Killed a five-headed hydra
 13860 | Lair:2   | Found a broken altar of Ashenzari.
 13979 | Lair:2   | Found a hole to the Spider Nest.
 14074 | Lair:2   | Found a staircase to the Shoals.
 14157 | Lair:2   | You fall into a shaft and drop 2 floors!
 14184 | Lair:4   | Noticed a six-headed hydra
 14191 | Lair:4   | Killed a six-headed hydra
 14396 | Lair:2   | Reached ***** piety under Hepliaklqana
 14444 | Lair:2   | Noticed a boulder beetle
 14467 | Lair:2   | Killed a boulder beetle
 14485 | Lair:2   | Reached skill level 5 in Necromancy
 15017 | Lair:3   | Noticed Nergalle
 15026 | Lair:3   | Killed Nergalle
 15069 | Lair:3   | Reached XP level 13. HP: 99/99 MP: 12/12
 15585 | Lair:3   | Noticed Nessos
 15591 | Lair:3   | Killed Nessos
 15702 | Lair:4   | Noticed Urug
 15726 | Lair:4   | Killed Urug
 15925 | Lair:4   | Found a staircase to the Slime Pits.
 16326 | Lair:5   | Entered Level 5 of the Lair of Beasts
 16812 | Lair:5   | Acquired 775 gold pieces
 17194 | Lair:5   | Reached skill level 10 in Necromancy
 18058 | Lair:5   | Identified the +8 battleaxe of Courage {antimagic, *Corrode
                  | Drain rF+++ rC+++}
 18314 | Lair:5   | Identified the +4 spear of Durokid {vorpal, rF+ rN+ Str+5}
 18333 | Lair:5   | Reached XP level 14. HP: 94/106 MP: 13/13
 18476 | Lair:5   | Found a corrupted altar of Lugonu.
 18476 | Lair:5   | Found a one-way gate to the infinite horrors of the Abyss.
 18892 | D:7      | Killed asdu's ghost
 18926 | D:7      | Got the ring "Naynuqoi" {Fire Int+4 Dex+2 SInv Stlth+}
 19094 | Orc:1    | Entered Level 1 of the Orcish Mines
 19096 | Orc:1    | Noticed an orc warlord
 19200 | D:11     | Killed an orc warlord
 19550 | Orc:1    | Found a transporter.
 19582 | Orc:1    | Noticed Shym's ghost (journeyman GrEE)
 19585 | Orc:1    | Found a bloodstained altar of Trog.
 19593 | Orc:1    | Found a transporter.
 19600 | Orc:1    | Found Kaenoh's General Store.
 19626 | Orc:1    | Found Fiupt's Armour Emporium.
 19700 | Orc:1    | Bought a potion of invisibility for 120 gold pieces
 19700 | Orc:1    | Bought a potion of heal wounds for 75 gold pieces
 19700 | Orc:1    | Bought a scroll of identify for 30 gold pieces
 19716 | Orc:1    | Bought the +1 pair of gloves of the Mind {SInv} for 310
                  | gold pieces
 19811 | Orc:1    | Found Ydoriucw's Antique Armour Emporium.
 19820 | Orc:1    | Noticed Erica
 19842 | Orc:1    | Killed Erica
 19859 | Orc:1    | Found Fait Komn's Assorted Antiques.
 19875 | Orc:1    | Bought a wand of flame (8) for 168 gold pieces
 19990 | Orc:2    | Entered Level 2 of the Orcish Mines
 19999 | Orc:2    | Found a staircase to the Elven Halls.
 20436 | Orc:2    | Reached skill level 10 in Fighting
 20470 | Orc:2    | Noticed Rupert
 20488 | Orc:2    | Killed Rupert
 20704 | Orc:2    | Found Zypytob's General Store.
 20704 | Orc:2    | Found Kinin's Jewellery Emporium.
 20739 | Orc:2    | Bought a scroll of fear for 68 gold pieces
 20739 | Orc:2    | Bought a scroll of fog for 68 gold pieces
 20791 | Orc:2    | Reached skill level 10 in Shields
 20797 | Orc:2    | Found Buivul's Armour Shop.
 20797 | Orc:2    | Found Luissyi's Armour Emporium.
 20949 | Orc:2    | Reached skill level 10 in Armour
 21144 | Orc:2    | Bought the +1 pair of boots of Minor Irritation {rN++ Will+
                  | Regen+} for 423 gold pieces
 21171 | Orc:2    | Bought a +1 hat for 143 gold pieces
 21214 | Orc:2    | Bought a +1 hat for 187 gold pieces
 21371 | D:12     | Noticed Fannar
 21374 | D:12     | Noticed Josephine
 21390 | D:12     | Killed Josephine
 21399 | D:12     | Killed Fannar
 21939 | D:13     | Noticed Erolcha
 21945 | D:13     | Killed Erolcha
 22063 | D:13     | Reached ****** piety under Hepliaklqana
 22276 | D:13     | Identified the +10 war axe of Valour {vorpal, Dex+3}
 22770 | D:13     | Reached XP level 15. HP: 105/116 MP: 14/14
 22815 | D:13     | Found a gate to the Vaults.
 22943 | D:13     | Reached skill level 10 in Dodging
 23267 | Orc:2    | Bought the ring of Umiyr {Drain rElec rPois rF+ Dex+6} for
                  | 889 gold pieces
 23777 | D:14     | Identified the ring "Naxzuag" {rF+ MP+9 Str+3 Dex+5}
 23866 | D:14     | Found an ancient bone altar of Kikubaaqudgha.
 24178 | D:14     | Found the ring of the Mage {Wiz Archmagi}
 24409 | D:15     | Entered Level 15 of the Dungeon
 24757 | D:15     | Found a staircase to the Depths.
 25091 | D:15     | Reached skill level 10 in Throwing
 25304 | Spider:1 | Entered Level 1 of the Spider Nest
 25905 | Spider:1 | Reached XP level 16. HP: 125/125 MP: 15/15
 26190 | Spider:2 | Noticed Arachne
 26200 | Spider:2 | Killed Arachne
 26201 | Spider:2 | Identified the +5 spear of Impish Innocence {drain, Will+}
 26254 | Spider:2 | Reached skill level 15 in Shields
 26533 | Spider:2 | Reached skill level 10 in Evocations
 26570 | Spider:2 | Noticed Asterion
 26584 | Spider:2 | Killed Asterion
 26589 | Spider:2 | Identified the +0 robe of Goeg {rElec rPois Will+ Slay-6}
 28241 | Spider:4 | Entered Level 4 of the Spider Nest
 28470 | Spider:4 | Reached XP level 17. HP: 128/131 MP: 0/16
 28665 | Spider:4 | Identified the +1 robe "Hyaq" {Dex+2}
 28684 | Spider:4 | Identified the +1 leather armour of Putoyrae {Rampage
                  | Will+}
 29401 | Spider:4 | Got a gossamer rune of Zot
 29578 | Shoals:1 | Entered Level 1 of the Shoals
 29680 | Shoals:1 | Noticed Roxanne
 30491 | Shoals:2 | Noticed Ilsuiw
 30517 | Shoals:1 | Killed Ilsuiw
 30682 | Shoals:2 | Reached skill level 15 in Throwing
 30843 | Shoals:2 | Identified the +3 dagger of the Vaults {freeze, rPois Str+4
                  | Int+4 Dex-2}
 31219 | Shoals:3 | Noticed Louise
 31416 | Shoals:3 | Reached XP level 18. HP: 113/142 MP: 17/17
 31439 | Shoals:3 | Killed Louise
 31734 | Shoals:3 | Noticed Polyphemus
 31815 | Shoals:3 | Found a runed translucent gate.
 31865 | Shoals:3 | Killed Polyphemus
 32108 | Shoals:3 | Found a runed translucent gate.
 32109 | Shoals:3 | Found a runed translucent gate.
 32138 | Shoals:3 | Identified the +8 war axe of the Hierophant {vorpal, rPois
                  | rF+}
 32139 | Shoals:3 | Identified the +1 robe of Zuax {rElec Dex+6 Slay+3}
 32164 | Shoals:4 | Entered Level 4 of the Shoals
 32164 | Shoals:4 | Found Cunafe's Self-Improvement Boutique.
 32614 | Shoals:4 | Noticed Donald
 32637 | Shoals:4 | Killed Donald
 32680 | Shoals:4 | Noticed Mlioglotl
 32687 | Shoals:4 | Noticed a tentacled monstrosity
 32696 | Shoals:4 | Gained mutation: You occasionally lose the ability to drink
                  | potions when taking damage. [a cacodemon]
 32697 | Shoals:4 | Killed Mlioglotl
 32960 | Shoals:4 | Got a barnacled rune of Zot
 33178 | Elf:1    | Entered Level 1 of the Elven Halls
 33325 | Elf:1    | Paralysed by an air elemental for 1 turns
 33674 | Elf:1    | Reached skill level 1 in Invocations
 33688 | Elf:1    | Reached skill level 15 in Fighting
 33699 | Elf:1    | Reached skill level 2 in Invocations
 33708 | Elf:1    | Identified the +6 hand axe "Yraoce" {venom, rCorr Dex+3
                  | Stlth+}
 33752 | Elf:1    | Reached skill level 3 in Invocations
 33816 | Elf:1    | Reached skill level 4 in Invocations
 33893 | Elf:1    | Reached XP level 19. HP: 150/153 MP: 21/21
 33961 | Elf:1    | Reached skill level 5 in Invocations
 34099 | Elf:1    | Reached skill level 6 in Invocations
 34227 | Elf:1    | Found a runed translucent gate.
 34228 | Elf:1    | Found a runed translucent gate.
 34229 | Elf:1    | Found a runed translucent gate.
 34230 | Elf:1    | Noticed Gruesome's ghost (adept DrEE)
 34235 | Elf:1    | Found a viscous altar of Jiyva.
 34567 | Elf:2    | Reached skill level 7 in Invocations
 34573 | Elf:2    | Paralysed by an air elemental for 1 turns
 34577 | Elf:2    | Paralysed by an air elemental for 1 turns
 34847 | Elf:2    | Found Cayxer's Distillery.
 34855 | Elf:2    | Found Enarorgh's Assorted Antiques.
 34859 | Elf:2    | Paralysed by an air elemental for 1 turns
 34863 | Elf:2    | Paralysed by an air elemental for 1 turns
 34888 | Elf:2    | Bought a scroll of teleportation for 108 gold pieces
 34892 | Elf:2    | Bought a potion of might for 72 gold pieces
 34892 | Elf:2    | Bought a potion of heal wounds for 90 gold pieces
 34892 | Elf:2    | Bought a potion of heal wounds for 90 gold pieces
 34892 | Elf:2    | Bought 2 potions of curing for 108 gold pieces
 34992 | Elf:2    | Reached skill level 8 in Invocations
 35040 | Elf:2    | Found a runed translucent gate.
 35040 | Elf:2    | Found a runed translucent gate.
 35040 | Elf:2    | Found a runed translucent gate.
 35324 | Elf:3    | Entered Level 3 of the Elven Halls
 35380 | Elf:3    | Found Cishaiq's Magic Scroll Emporium.
 35404 | Elf:3    | Identified the +5 flail of Yczuw {vorpal, rCorr Int+5
                  | Stlth+}
 35487 | Elf:3    | Found a huge runed translucent gate.
 35488 | Elf:3    | Found a huge runed translucent gate.
 35488 | Elf:3    | Found a huge runed translucent gate.
 35488 | Elf:3    | Found a huge runed translucent gate.
 35488 | Elf:3    | Found a huge runed translucent gate.
 35488 | Elf:3    | Found a huge runed translucent gate.
 35489 | Elf:3    | Found a huge runed translucent gate.
 35489 | Elf:3    | Found a huge runed translucent gate.
 35491 | Elf:3    | Identified the +9 double sword "Glorpo" {vorpal, MP+9 SInv}
 35736 | Elf:3    | Reached skill level 9 in Invocations
 35883 | Elf:3    | Paralysed by an air elemental for 1 turns
 36181 | Elf:3    | Reached skill level 10 in Invocations
 36191 | Elf:3    | Paralysed by an air elemental for 1 turns
 36352 | Elf:3    | Noticed a Tzitzimitl
 36937 | Elf:3    | Reached skill level 11 in Invocations
 37057 | Elf:3    | Identified the ring of Xom's Bemusement {rElec rF+ MP+9
                  | Str+3 Int+3}
 37090 | Elf:3    | Identified the +7 flail of the Boiling Point {flame, rF+
                  | Will+ SInv}
 37101 | Elf:3    | Got the Grimoire of Dark Lightning
 37114 | Elf:3    | Identified the +0 ring mail of Utypu {Fly Dex+3}
 37181 | Elf:3    | Identified the +4 trident "Efoppime" {spect, SInv Stlth+}
 37258 | Elf:3    | Bought 3 scrolls of teleportation for 171 gold pieces
 37337 | Orc:1    | Bought a scroll of acquirement for 780 gold pieces
 37341 | Orc:1    | Acquired a manual of Evocations
 37628 | Orc:1    | Bought the +5 scale mail of Untruth {rF+ Dex+6} for 834
                  | gold pieces
 38140 | Vaults:1 | Entered Level 1 of the Vaults
 38157 | Vaults:1 | You fall into a shaft and drop 1 floor!
 38178 | Vaults:2 | Reached skill level 12 in Invocations
 38508 | Vaults:1 | Reached XP level 20. HP: 160/160 MP: 28/28
 38959 | Vaults:1 | Reached skill level 15 in Evocations
 39396 | Vaults:2 | Reached skill level 13 in Invocations
 39396 | Vaults:2 | Found the +9 heavy crossbow "Sniper" {vorpal, Acc+∞ SInv}
 39598 | Vaults:2 | Lost mutation: You occasionally lose the ability to drink
                  | potions when taking damage. [potion of mutation]
 39598 | Vaults:2 | Gained mutation: Your magical capacity is low. (-10% MP)
                  | [potion of mutation]
 39598 | Vaults:2 | Gained mutation: You have sharp toenails. [potion of
                  | mutation]
 39727 | Vaults:2 | Identified the +3 leather armour of Xoewat {Fly}
 40083 | Vaults:2 | Found Foarov's Assorted Antiques.
 41264 | Vaults:3 | Found a staircase to the Crypt.
 41339 | Vaults:3 | Reached skill level 14 in Invocations
 41595 | Vaults:3 | Reached XP level 21. HP: 158/165 MP: 27/27
 41659 | Vaults:3 | Found the +10 dark maul {vorpal}
 41681 | Vaults:3 | Identified the +2 pair of gloves of Barnacled the Good
                  | {Str+4 Stlth+}
 41956 | Vaults:4 | Noticed Xtahua
 41964 | Vaults:4 | Killed Xtahua
 42533 | Vaults:4 | Noticed Bai Suzhen
 42889 | Vaults:4 | Reached skill level 15 in Armour
 43016 | Vaults:4 | Found a transporter.
 43016 | Vaults:4 | Found a transporter.
 43016 | Vaults:4 | Noticed Ywkaiffarghe's ghost (adept MeCj)
 43247 | Vaults:4 | Killed Bai Suzhen
 43489 | Vaults:4 | Upgraded the game from 0.29-a0-901-g46a8461d6a to
                  | 0.29-a0-902-g0f71de6fce
 43687 | Depths:1 | Entered Level 1 of the Depths
 43893 | D:15     | Reached skill level 15 in Invocations
 44325 | Depths:1 | Identified the +6 scale mail of Amorality {rPois Dex+4
                  | SInv}
 44377 | Depths:1 | Found a gateway to Hell.
 44855 | Depths:1 | Found a one-way gate leading to the halls of Pandemonium.
 45031 | Depths:1 | Noticed Mara
 45045 | Depths:1 | Noticed magipi's illusion
 45090 | Depths:1 | Killed Mara
 45145 | Depths:1 | Found a blossoming altar of Fedhas.
 45297 | Depths:2 | Found a glowing silver altar of Zin.
 45568 | Depths:2 | Reached skill level 16 in Invocations
 45574 | Depths:2 | Reached XP level 22. HP: 172/172 MP: 25/29
 45631 | Depths:2 | Found a one-way gateway to a ziggurat.
 45897 | Depths:2 | Noticed a juggernaut
 45904 | Depths:2 | Killed a juggernaut
 45940 | Depths:2 | Noticed a golden dragon
 45959 | Depths:2 | Reached skill level 17 in Invocations
 45959 | Depths:2 | Killed a golden dragon
 46248 | Depths:2 | Identified the +0 robe of Omission {+Blink Str-3 Int+4}
 46664 | Depths:3 | Identified the +2 helmet of the Morning {rPois Str+4 Int+4}
 46822 | Depths:3 | Reached skill level 18 in Invocations
 47317 | Depths:3 | Reached skill level 19 in Invocations
 47321 | Depths:3 | Noticed Boris
 47564 | Depths:3 | Killed Boris
 47963 | Depths:3 | Reached skill level 20 in Invocations
 48092 | Depths:4 | Entered Level 4 of the Depths
 48347 | Depths:4 | Reached XP level 23. HP: 157/172 MP: 32/32
 48369 | Depths:4 | Found a gate to the Realm of Zot.
 49669 | Vaults:5 | Entered Level 5 of the Vaults
 49786 | Vaults:5 | Identified the +8 war axe "Tod Ufou" {drain, rC+ Str-5
                  | Int+4 Dex+4}
 50389 | Vaults:5 | Reached skill level 21 in Invocations
 50438 | Vaults:5 | Identified the +1 pair of boots "Qywkas" {rPois Str-2
                  | Int+8}
 50691 | Vaults:5 | Identified the +0 leather armour of Ruvuz {rN+ rCorr Dex+3}
 50710 | Vaults:5 | Got the Octavo of Spellbinding
 50956 | Vaults:5 | Got the Guide on the Lithosphere and the Chill
 51017 | Vaults:5 | Found Epla's Antique Weapon Shop.
 51027 | Vaults:5 | Got a silver rune of Zot
 51174 | Vaults:5 | Reached XP level 24. HP: 194/194 MP: 32/32
 51177 | Vaults:5 | Identified the ring "Qaruf" {rF+ rCorr SInv}
 51259 | Vaults:5 | Found Hoemuump's Magic Scroll Emporium.
 51263 | Vaults:5 | Bought a scroll of fear for 52 gold pieces
 51263 | Vaults:5 | Bought a scroll of summoning for 123 gold pieces
 51263 | Vaults:5 | Bought a scroll of summoning for 123 gold pieces
 51829 | Vaults:5 | Found Hoemuump's Magic Scroll Emporium.
 51920 | Vaults:5 | Found Epla's Antique Weapon Shop.
 52508 | Slime:1  | Entered Level 1 of the Pits of Slime
 52978 | Slime:5  | Entered Level 5 of the Pits of Slime
 53147 | Slime:5  | Found a viscous altar of Jiyva.
 53260 | Slime:5  | Noticed the Royal Jelly
 53289 | Slime:5  | Killed the Royal Jelly
 53290 | Slime:5  | Reached skill level 22 in Invocations
 53372 | Slime:5  | Found the +5 sword of Power {vorpal}
 53430 | Slime:5  | Identified the +0 plate armour "Lappinoi" {rPois Will+
                  | Regen+ Int+3}
 53444 | Slime:5  | Identified the +6 rapier of the Immovable Nights {freeze,
                  | rN+ rCorr Dex-4}
 53482 | Slime:5  | Identified the amulet "Inottoent" {Spirit rN+}
 53490 | Slime:5  | Got a slimy rune of Zot
 53538 | Slime:5  | Identified the +6 long sword of Qazlal {vorpal, Will+}
 53547 | Slime:5  | Identified the +3 shortbow "Saighit" {venom, rF- rC+ Dex+4
                  | SInv}
 54051 | Elf:1    | Killed Gruesome's ghost
 54154 | Elf:1    | Identified the ring "Ytanag" {rF- MP+9 Int+7}
 54692 | Zot:1    | Entered Level 1 of the Realm of Zot
 54964 | Zot:1    | Noticed Vv
 55151 | Depths:4 | Reached skill level 23 in Invocations
 55306 | Zot:1    | Killed Vv
 56376 | Zot:2    | You fall into a shaft and drop 1 floor!
 56382 | Zot:3    | Noticed an orb of fire
 56399 | Zot:3    | Gained mutation: You are frail. (-10% HP) [an orb of fire]
 56402 | Zot:3    | Gained mutation: Your muscles are strong. (Str +4, Int/Dex
                  | -1) [an orb of fire]
 56407 | Zot:3    | Lost mutation: Your magical capacity is low. (-10% MP) [an
                  | orb of fire]
 56410 | Zot:3    | Gained mutation: You occasionally lose the ability to read
                  | scrolls when taking damage. [an orb of fire]
 56411 | Zot:3    | Gained mutation: Your magical capacity is low. (-10% MP)
                  | [an orb of fire]
 56412 | Zot:3    | Killed an orb of fire
 56413 | Zot:3    | Reached skill level 24 in Invocations
 56658 | Zot:3    | Reached XP level 25. HP: 140/179 MP: 34/34
 57050 | Zot:2    | Reached skill level 25 in Invocations
 57144 | Zot:2    | Lost mutation: You have sharp toenails. [potion of
                  | mutation]
 57144 | Zot:2    | Lost mutation: You are frail. (-10% HP) [potion of
                  | mutation]
 57144 | Zot:2    | Lost mutation: You occasionally lose the ability to read
                  | scrolls when taking damage. [potion of mutation]
 57144 | Zot:2    | Gained mutation: You do not regenerate when monsters are
                  | visible. [potion of mutation]
 57173 | Zot:2    | Identified the amulet of the Scavenger {Regen+ Int+2}
 59393 | Zot:2    | Noticed a Killer Klown
 59408 | Zot:2    | Killed a Killer Klown
 59692 | Zot:4    | Noticed Grunn
 59719 | Zot:4    | Killed Grunn
 60068 | Zot:4    | Identified the +1 quarterstaff "Dutzado" {venom, rElec
                  | rPois Will+ Dex-2}
 60483 | Zot:4    | Noticed an orb of fire
 60585 | Zot:5    | Entered Level 5 of the Realm of Zot
 61117 | Zot:5    | Identified the ring "Ibyv" {*Corrode rF+ AC+4 Int+7 Dex-2}
 61283 | Zot:5    | Reached skill level 26 in Invocations
 61594 | Zot:5    | Noticed a Killer Klown
 61612 | Zot:5    | Killed a Killer Klown
 61628 | Zot:5    | Noticed an orb of fire
 61631 | Zot:5    | Gained mutation: Potions are less effective at restoring
                  | your health. [an orb of fire]
 61749 | Zot:4    | Gained mutation: Your magical capacity is very low. (-20%
                  | MP) [an orb of fire]
 61755 | Zot:4    | Gained mutation: Armour fits poorly on your strangely
                  | shaped body. [an orb of fire]
 61756 | Zot:4    | Lost mutation: Your muscles are strong. (Str +4, Int/Dex
                  | -1) [an orb of fire]
 61756 | Zot:4    | Killed an orb of fire
 61757 | Zot:4    | Reached skill level 15 in Dodging
 61797 | Zot:4    | Lost mutation: You do not regenerate when monsters are
                  | visible. [potion of mutation]
 61797 | Zot:4    | Lost mutation: Potions are less effective at restoring your
                  | health. [potion of mutation]
 61797 | Zot:4    | Gained mutation: You are frail. (-10% HP) [potion of
                  | mutation]
 61797 | Zot:4    | Gained mutation: You occasionally lose the ability to read
                  | scrolls when taking damage. [potion of mutation]
 61797 | Zot:4    | Gained mutation: You are clumsy. (Dex -2) [potion of
                  | mutation]
 61798 | Zot:4    | Lost mutation: You occasionally lose the ability to read
                  | scrolls when taking damage. [potion of mutation]
 61798 | Zot:4    | Lost mutation: Armour fits poorly on your strangely shaped
                  | body. [potion of mutation]
 61798 | Zot:4    | Gained mutation: Your system is resistant to poisons.
                  | (rPois) [potion of mutation]
 61798 | Zot:4    | Gained mutation: Armour fits poorly on your strangely
                  | shaped body. [potion of mutation]
 61799 | Zot:4    | Lost mutation: Your magical capacity is very low. (-20% MP)
                  | [potion of mutation]
 61799 | Zot:4    | Lost mutation: Armour fits poorly on your strangely shaped
                  | body. [potion of mutation]
 61799 | Zot:4    | Lost mutation: Your system is resistant to poisons. (rPois)
                  | [potion of mutation]
 61799 | Zot:4    | Gained mutation: You occasionally lose the ability to read
                  | scrolls when taking damage. [potion of mutation]
 61799 | Zot:4    | Lost mutation: You occasionally lose the ability to read
                  | scrolls when taking damage. [potion of mutation]
 61800 | Zot:4    | Lost mutation: You are clumsy. (Dex -2) [potion of
                  | mutation]
 61800 | Zot:4    | Lost mutation: You are frail. (-10% HP) [potion of
                  | mutation]
 61800 | Zot:4    | Lost mutation: Your magical capacity is low. (-10% MP)
                  | [potion of mutation]
 61800 | Zot:4    | Gained mutation: You have large cloven feet. [potion of
                  | mutation]
 61800 | Zot:4    | Gained mutation: You are somewhat resistant to further
                  | mutation. [potion of mutation]
 62147 | Zot:5    | Noticed an orb of fire
 62162 | Zot:5    | Killed an orb of fire
 62194 | Zot:5    | Noticed an orb of fire
 62210 | Zot:5    | Killed an orb of fire
 62214 | Zot:5    | Noticed an orb of fire
 62235 | Zot:5    | Gained mutation: Armour fits poorly on your strangely
                  | shaped body. [an orb of fire]
 62243 | Zot:5    | Noticed a dread lich
 62251 | Zot:5    | Killed an orb of fire
 62256 | Zot:5    | Killed a dread lich
 62285 | Zot:5    | Noticed a Killer Klown
 62305 | Zot:5    | Killed a Killer Klown
 62351 | Zot:5    | Noticed a dread lich
 62351 | Zot:5    | Noticed an orb of fire
 62355 | Zot:5    | Noticed an orb of fire
 62355 | Zot:5    | Noticed a dread lich
 62377 | Zot:5    | Killed an orb of fire
 62393 | Zot:5    | Killed a dread lich
 62399 | Zot:5    | Killed a dread lich
 62400 | Zot:5    | Reached XP level 26. HP: 208/208 MP: 36/39
 62406 | Zot:5    | Killed an orb of fire
 62815 | Zot:5    | Noticed a dread lich
 62831 | Zot:5    | Killed a dread lich
 63699 | Zot:5    | Got the Orb of Zot
 64022 | D:11     | Noticed an ancient lich
 64023 | D:11     | Noticed Ypextuatz the pandemonium lord
 64273 | D:$      | Escaped with the Orb!

Illustrated notes

Levels and vault maps discovered:
D:1:      giann_wishing_wells, layout_basic, hangedman_decor_push,
          kennysheep_another_room
D:2:      minmay_recursive_quarters, layout_loops_ring,
          dreamdust_mushroom_princess, uniq_robin
D:3:      layout_rooms
D:4:      layout_cave_pods
D:5:      layout_loops_cross, minmay_temple_entry_statues_fountains,
          minmay_gold_behind_fungi, minivault_19
D:6:      layout_loops_ring, uniq_sigmund, uniq_menkaure, uniq_maggie
D:7:      layout_loops_corners, bloody_trog, serial_shops, shop,
          nicolae_lakefront_shop, nicolae_shop_stone, shop, gammafunk_ghost_icy,
          minmay_misc_feat_room, minmay_misc_feat_tiny, wad_woods_river_04,
          st_stairs_3, eino_jars
D:8:      layout_basic, old_standard_altar, mainiacjoe_overflow_six_doors_small,
          serial_shops, nicolae_shop_statue_plus, minmay_ruined_shrine
D:9:      layout_basic, lair_entry_dummy, nicolae_blasting_shop
D:10:     layout_loops_ring, grunt_temple_overflow_forces_of_nature,
          uniq_maurice
D:11:     layout_loops_cross, kennysheep_orc_monster_closet_entryway,
          nzn_hepliaklqana_mist_gate
D:12:     layout_big_octagon, minmay_unpleasant_kobolds, uniq_josephine,
          uniq_fannar
D:13:     layout_roguey [special_room_orc], ximxim_vaults_locker_room,
          minmay_hollow_rounded_squares, uniq_erolcha
D:14:     layout_basic, nicolae_kikubaaqudgha_miasma_corner
D:15:     grunt_enter_depths_giant_problem, layout_long_grid, minivault_27
Temple:   hellmonk_temple_divided_pantheon
Lair:1:   layout_regular_city, nzn_masters_of_martial_movement,
          infiniplex_staircase_pool_2, serial_bayou_shore_a
Lair:2:   layout_roguey, minmay_shoals_entry_lonely_mermaid,
          nicolae_spider_entry_orb_guardian, basic_altar,
          grunt_forest_large_clearing_hut
Lair:3:   layout_layer_cave, infiniplex_staircase_pool, uniq_nergalle,
          uniq_nessos
Lair:4:   layout_hall_layers, slime_entry_1, uniq_urug
Lair:5:   hellmonk_lair_end_abyssal_woods, layout_big_grid,
          minmay_lair_drake_nest, grunt_megastairs_5
Shoals:1: layout_shoals, nicolae_shoals_undead_eyrie, uniq_roxanne
Shoals:2: layout_shoals, uniq_ilsuiw
Shoals:3: layout_shoals, nicolae_shoals_lost_giant_temple,
          nicolae_shoals_beach_cooler, uniq_polyphemus, uniq_louise
Shoals:4: shoals_end_simple, layout_shoals, nicolae_shop_self_help, uniq_donald,
          uniq_mlioglotl
Spider:1: layout_spider_delve, drop_trap
Spider:2: layout_spider_delve, uniq_arachne, uniq_asterion
Spider:3: layout_spider_delve
Spider:4: spider_rune_water
Slime:1:  layout_caves, nicolae_slime_barrier,
          cheibrodos_slime_lost_civilization_6
Slime:2:  cheibrodos_slime_lost_civilization_2, layout_caves, uniq_dissolution
Slime:3:  layout_caves
Slime:4:  layout_caves
Slime:5
Orc:1:    layout_caves, gammafunk_ghost_wrathful_warriors, serial_shops, shop,
          shop, nicolae_shop_advertising_works [nicolae_subvault_shop_adworks],
          shop, uniq_erica
Orc:2:    st_orc_town, layout_diamond_mine, basic_altar, uniq_rupert
Elf:1:    minmay_the_grid_3x3 [minmay_the_grid_box_x,
          minmay_the_grid_medium_cups, minmay_the_grid_paths,
          minmay_the_grid_garden, minmay_the_grid_broken_lines,
          minmay_the_grid_slots, minmay_the_grid_empty,
          minmay_the_grid_stretched_grid, minmay_the_grid_prize_four_corners],
          layout_rooms, gammafunk_ghost_ooze, minivault_28
Elf:2:    nicolae_elf_blades_splatter_lattice [nicolae_blade_tridents],
          layout_gridlike, minmay_shop_star
Elf:3:    minmay_elf_hall, layout_loops_corners, serial_shops, shop_statue,
          nicolae_elf_double_double_double_trouble
Vaults:1: vaults_room_large_hall, nicolae_vaults_alarming, v_misc_25,
          ontoclasm_vaults_ring_square, vaults_room_semicircle,
          vaults_room_semicircle, hangedman_vaults_stretched_pinwheel,
          vaults_room_door_ring, vaults_dpeg_encased_lava,
          vaults_room_stairs_pillars, layout_vaults_quadrants
Vaults:2: v_misc_29, hangedman_vaults_pinch, ontoclasm_vaults_eye,
          nicolae_vaults_ring_of_whatevers,
          minmay_guarded_unrand_secular_launcher, vaults_mumra_chevron_long,
          vaults_room_pools, nicolae_vaults_big_ls, vaults_dpeg_doors,
          vaults_room_corners, nicolae_vaults_little_squares_1, v_misc_24,
          layout_vaults_omnicross, serial_shops, shop
Vaults:3: ontoclasm_vaults_ring_small, nicolae_vaults_circle_grid_a,
          vaults_room_grunt_arrival_checkpoint, nicolae_vaults_circle_grid_b,
          blue_anna_dwarven_crypt, v_misc_25, st_hourglassy,
          ontoclasm_vaults_ring_small, grunt_vaults_funnel,
          ontoclasm_vaults_shuriken, dpeg_vaults_monster_box,
          ontoclasm_vaults_pinch, vaults_dpeg_hooks, layout_vaults_big_room
Vaults:4: gammafunk_ghost_mausoleum, nicolae_vaults_windows_and_doors_thing,
          serial_ice_g, grunt_vaults_hallway_short, v_pattern_2, v_rooms_3,
          vaults_dpeg_diagonal, grunt_vaults_swirl, vaults_room_ringed_pool,
          nicolae_vaults_angled_halls, ontoclasm_vaults_twist,
          hangedman_vaults_trim, ontoclasm_vaults_gateway, layout_vaults_ring,
          uniq_bai_suzhen, uniq_xtahua
Vaults:5: serial_shops
Depths:1: layout_basic, pan_entry, hangedman_coc_ice_floe, fedhas_altar_4,
          st_stairs_1, grunt_decor_mini_mirrors, evilmike_ambush
          [evilmike_ambush_outer_basic, evilmike_ambush_inner_cross], uniq_mara
Depths:2: minmay_containers, layout_basic, enter_ziggurat_f,
          grunt_pan_entry_sceptre, lemuel_doored_altar, hell_entry,
          firewood_loft
Depths:3: hangedman_screamer, layout_basic, abyss_entry_glasseish,
          grunt_pan_entry_zigzag, patterned_corridor, hell_entry
Depths:4: grunt_crosshair, layout_long_grid, hangedman_decor_points,
          grunt_metal_band
Zot:1:    kennysheep_blocky_hall, layout_onion_interference, st_stairs_1,
          zot_minivault_3, uniq_vv
Zot:2:    layout_concentric_octagons
Zot:3:    layout_cathedral_of_symmetry
Zot:4:    layout_gridlike, nrook_zot_tub, uniq_grunn
Zot:5:    layout_gridlike, kennysheep_underground_church

Skill      XL: |  1  2  3  4  5  6  7  8  9 10 11 12 13 14 15 16 17 18 19 20 21 22 23 24 25 26 |
---------------+-------------------------------------------------------------------------------+-----
Armour         | 1 2 3 4 5 6 7 8 9 10 12 14 16 17 18 | 18.4
Fighting       | 3 4 5 6 7 8 9 11 12 13 15 17 18 | 18.0
Dodging        | 2 3 4 5 6 7 8 9 10 12 14 15 16 | 16.4
Throwing       | 3 4 5 6 7 9 10 13 15 16 17 | 17.0
Polearms       | 1 3 4 6 8 9 11 14 | 14.0
Evocations     | 1 2 3 4 5 6 7 9 11 12 13 14 16 18 19 20 | 20.0
Shields        | 3 4 6 7 11 14 15 17 18 | 18.0
Necromancy     | 6 10 | 10.0
Invocations    | 4 12 14 16 20 21 24 26 | 26.6
Short Blades   | |  2.1
Stealth        | |  3.2

Action                   |  1- 3 |  4- 6 |  7- 9 | 10-12 | 13-15 | 16-18 | 19-21 | 22-24 | 25-27 || total
-------------------------+-------+-------+-------+-------+-------+-------+-------+-------+-------++-------
Melee: Dagger            |    83 |   102 |       |       |       |       |       |       |       ||   185
       Headbutt          |    11 |    34 |    40 |   138 |   237 |   322 |   388 |   664 |   196 ||  2030
       Spear             |       |   100 |   317 |   466 |       |       |       |       |       ||   883
       Punch             |       |       |     2 |       |       |       |       |       |       ||     2
       Demon trident     |       |       |       |   205 |  1192 |  1493 |  1496 |  2078 |   721 ||  7185
Throw: Boomerang         |       |       |       |    10 |    15 |    52 |    42 |    38 |    28 ||   185
       Dart              |       |       |       |       |     3 |       |       |       |    14 ||    17
       Javelin           |       |       |       |       |       |     2 |    17 |    14 |       ||    33
Invok: Ancestor Identity |       |       |     1 |       |       |       |       |       |       ||     1
       Recall Ancestor   |       |       |     3 |     3 |     5 |    11 |     6 |    12 |     8 ||    48
       Ancestor Life: He |       |       |       |     1 |       |       |       |       |       ||     1
       Idealise          |       |       |       |       |     2 |     3 |    14 |    17 |     9 ||    45
Evoke: Wand              |       |       |     1 |     2 |    16 |    29 |     8 |    17 |     5 ||    78
       Lightning rod     |       |       |       |       |     4 |     3 |    10 |       |       ||    17
       Box of beasts     |       |       |       |       |       |     1 |     1 |     4 |       ||     6
       Condenser vane    |       |       |       |       |       |       |     4 |     1 |       ||     5
       Phial of floods   |       |       |       |       |       |       |       |     2 |       ||     2
  Use: Scroll            |       |     8 |     6 |     5 |    14 |     9 |     6 |     9 |    15 ||    72
       Potion            |       |       |     2 |       |     5 |     5 |     3 |     9 |    13 ||    37
 Stab: Sleeping          |     4 |       |       |       |       |       |     2 |     2 |       ||     8
       Distracted        |       |       |     1 |     6 |    23 |    28 |    22 |    23 |    13 ||   116
       Confused          |       |       |       |     9 |    24 |    23 |    95 |   102 |    11 ||   264
       Paralysed         |       |       |       |       |    29 |   103 |   108 |   180 |    50 ||   470
       Invisible         |       |       |       |       |       |     4 |       |       |       ||     4
Armor: Robe              |     7 |       |       |       |       |       |       |       |       ||     7
       Chain mail        |    35 |   103 |    87 |   103 |   294 |   319 |    71 |       |       ||  1012
       Skin              |       |       |     1 |       |       |       |       |       |       ||     1
       Scale mail        |       |       |       |       |       |       |   130 |   261 |       ||   391
       Storm dragon scal |       |       |       |       |       |       |       |   247 |   188 ||   435
Dodge: Dodged            |    48 |    77 |    65 |   143 |   283 |   414 |   304 |   556 |   126 ||  2016
Block: Buckler           |       |       |    43 |   102 |    11 |       |       |       |       ||   156
       Tower shield      |       |       |       |       |   664 |  1203 |   851 |  1254 |   329 ||  4301

Table legend: (Time is in decaauts)
 A = Elapsed time spent in this place.
 B = Non-inter-level travel time spent in this place.
 C = Inter-level travel time spent in this place.
 D = Time resting spent in this place.
 E = Time spent auto-exploring this place.
 F = Levels seen in this place.
 G = Mean time per level.
                   A        B        C        D        E       F      G
               +--------+--------+--------+--------+--------+-----+--------+
         Total |  62945 |  55353 |   7592 |   9472 |  20422 |  53 | 1187.6 |
       Dungeon |  18956 |  16177 |   2779 |   3616 |   7359 |  15 | 1263.7 |
        Temple |    298 |    298 |      0 |    221 |      0 |   1 |  298.0 |
          Lair |   6670 |   5852 |    818 |   1693 |   2129 |   5 | 1334.0 |
        Shoals |   3797 |   3239 |    558 |    311 |      0 |   4 |  949.2 |
   Spider Nest |   3774 |   3516 |    258 |    685 |    649 |   4 |  943.5 |
    Slime Pits |   1218 |   1218 |      0 |    321 |      0 |   5 |  243.6 |
  Orcish Mines |   2080 |   1645 |    435 |     19 |    521 |   2 | 1040.0 |
   Elven Halls |   4686 |   3899 |    787 |    442 |   1333 |   3 | 1562.0 |
        Vaults |   8101 |   7367 |    734 |    544 |   3668 |   5 | 1620.2 |
        Depths |   5627 |   4945 |    682 |    804 |   1780 |   4 | 1406.8 |
           Zot |   7734 |   7196 |    538 |    812 |   2982 |   5 | 1546.8 |
               +--------+--------+--------+--------+--------+-----+--------+

Top non-repeatable levels by time:
   Zot:5: 2866 daAuts
    D:11: 2419 daAuts
  Lair:5: 2349 daAuts
Vaults:4: 2087 daAuts
     D:7: 2012 daAuts
Vaults:5: 1978 daAuts
   Elf:3: 1890 daAuts
Depths:4: 1783 daAuts
    D:13: 1777 daAuts
Vaults:2: 1564 daAuts
  Lair:2: 1545 daAuts
   Zot:3: 1503 daAuts
   Elf:1: 1482 daAuts
Depths:3: 1461 daAuts
     D:2: 1417 daAuts
